AoeStats
← LendaBenda

Arena

506371314Analyzed
1v1 RM · 18d ago on Sep 13, 2026· 45m 26s· 2 players
Game mode
Random Map
Map size
Tiny (2 player)
Population
200
Speed
Normal
Resources
Standard
Victory
Conquest
Starting age
Dark Age
Ending age
Imperial Age
RankedLock teamsTeams togetherTeam positionsShared explorationLock speedFull tech treeHidden civsTurbo modeCheats
Victory
Defeat
🇨🇿 Vietnamese · Czechia
1031
+16
🇨🇿 Portuguese · Czechia
1038
-16
Brumwild
10:55 Feudal Age
12:19 Double-Bit Axe
12:18 Horse Collar
15:40 Castle Age
16:41 Bow Saw
17:37 Heavy Plow
20:54 Light Cavalry
23:45 Wheelbarrow
23:16 Gold Mining
25:04 Stone Mining
27:58 Imperial Age
25:14 Loom
25:14 Town Watch
26:13 Hand Cart
26:28 Padded Archer Armor
26:18 Fletching
26:51 Ballistics
27:10 Crossbowman
27:55 Thumb Ring
29:45 Bodkin Arrow
30:05 Leather Archer Armor
29:13 Arbalester
30:55 Chemistry
30:01 Siege Engineers
30:18 Scale Mail Armor
31:16 Stone Shaft Mining
30:23 Pikeman
31:04 Squires
34:17 Bloodlines
34:08 Husbandry
34:40 Ring Archer Armor
34:11 Bracer
34:17 Scale Barding Armor
34:24 Forging
35:37 Elite Skirmisher
36:23 Halberdier
38:36 Chain Mail Armor
38:57 Iron Casting
37:45 Imperial Skirmisher
40:54 Plate Mail Armor
40:45 Chain Barding Armor
41:41 Bombard Tower
41:02 Treadmill Crane
41:19 Murder Holes
43:20 Hoardings
43:07 Paper Money
LendaBenda
10:46 Feudal Age
9:02 Loom
11:18 Double-Bit Axe
12:24 Horse Collar
18:14 Castle Age
17:27 Gold Mining
17:35 Stone Mining
18:10 Loom
19:01 Wheelbarrow
21:33 Bow Saw
22:13 Heavy Plow
25:55 Pikeman
27:20 Scale Mail Armor
27:31 Forging
28:57 Elite Skirmisher
30:26 Bloodlines
30:18 Husbandry
32:59 Imperial Age
30:47 Hand Cart
30:25 Town Watch
31:07 Fletching
31:17 Padded Archer Armor
31:41 Ballistics
32:13 Bodkin Arrow
34:36 Cavalier
35:25 Bracer
35:40 Chain Mail Armor
36:00 Iron Casting
36:56 Leather Archer Armor
37:23 Onager
41:59 Chemistry
40:43 Light Cavalry
42:54 Iron Casting
42:25 Scale Barding Armor
42:58 Iron Casting
Connection lost

Rejoining the realm…

Still unreachable

The connection could not be restored.

Session expired

The server has moved on; the page needs a fresh start.